[Event "MČR mládeže v rapid šachu 2024 H10"]
[Site "Harrachov, Czech Republic"]
[Date "????.??.??"]
[Round "9.7"]
[White "Trejbal Jindrich"]
[Black "Sarman Damian"]
[Result "1-0"]
[TimeControl "20+5"]
[WhiteFideId "23743948"]
[BlackFideId "23753170"]
[WhiteElo "1631"]
[BlackElo "1555"]

1. f4 d5 2. d4 Bf5 3.
Nf3 Nc6 4. e3 e6 5. c3 Nf6 6. Bd3 Bxd3 7. Qxd3 Bd6 8. O-O h6 9. Nbd2 Qe7 10. Ne5 Bxe5 11. fxe5 Nd7 12. e4 Nb6 13. b3 O-O 14. exd5 Nxd5 15. c4 Nb6 16.
Rf4 Rad8 17. Nf3 Nb8 18. a4 c5 19. Ba3 Qc7 20. Qe3 cxd4 21. Nxd4 Rfe8 22. Bd6 Qc8 23. Raf1 Rd7 24. Qg3 Rxd6 25.
exd6 Rf8 26. Rg4 g6 27. Rf6 Kh7 28. Rgxg6 fxg6 29. Qxg6+ Kh8 30. Qxh6+ Kg8 31. Rg6+ Kf7 32. Qg7+ Ke8 33.
Qe7# 1-0



[ePGN "0.1;DGT LiveChess/2.2.6"]

[Event "MČR mládeže v rapid šachu 2024 H10"]
[Site "Harrachov, Czech Republic"]
[Date "????.??.??"]
[Round "9.8"]
[White "Hlavacek Pavel"]
[Black "Stepnicka Filip"]
[Result "1/2-1/2"]
[TimeControl "20+5"]
[WhiteFideId "23761768"]
[BlackFideId "23771542"]
[WhiteElo "1641"]
[BlackElo "1531"]

1. d4 d5 2. c4 e6 3.
Nc3 Nf6 4. Bg5 Be7 5. Nf3 O-O 6. e3 c6 7.
cxd5 cxd5 8. Bd3 Nc6 9. a3 Qb6 10. Qc2 h6 11. Bh4 Bd7 12. O-O Rac8 13. Qe2 Rfd8 14. Rac1 a6 15. Na4 Qa5 16.
Nc5 Qb6 17. b4 Kh8 18. Nxd7 Rxd7 19. Ne5 Rdc7 20. Nxc6 Rxc6 21. Rc2 Qc7 22. Rfc1 Rxc2 23. Rxc2 Qd7 24. Rxc8+ Qxc8 25. Qc2 Qxc2 26. Bxc2 g5 27. Bg3 Kg8 28.
Kf1 b5 29. Ke2 Kf8 30. f3 Ke8 31. Kd3 Kd7 32. Kc3 Kc6 33. e4 Kb6 34. Be5 Kc6 35. Bxf6 Bxf6 36. e5 Be7 37. Bh7 Kd7 38. Bg8 Ke8 39. Kb3 Kf8 40. a4 Kg7 41. Bh7 1/2-1/2



[ePGN "0.1;DGT LiveChess/2.2.6"]